 Dungeon Crawl Stone Soup version 0.25-a0-1133-g93ebf739aa (webtiles) character file.

Game seed: 937001671248142462, levelgen mode: deterministic

262 joejoepie the Poker (level 5, 42/42 HPs)
             Began as a Demonspawn Berserker on Feb 11, 2020.
             Was a Priest of Trog.
             Quit the game on level 3 of the Dungeon on May 16, 2021.
             The game lasted 00:25:43 (3108 turns).

joejoepie the Poker (Demonspawn Berserker)          Turns: 3108, Time: 00:25:43

Health: 42/42      AC: 12    Str: 17    XL:     5   Next: 97%
Magic:  5/5        EV:  8    Int:  9    God:    Trog [***...]
Gold:   154        SH:  0    Dex: 13    Spells: 4/4 levels left

rFire    . . .     SeeInvis .   a - +1 spear
rCold    . . .     Gourm    .   (no shield)
rNeg     . . .     Faith    .   i - +0 chain mail
rPois    .         Spirit   +   (no helmet)
rElec    .         Reflect  .   j - scarf {repulsion}
rCorr    .         Harm     .   r - +0 pair of gloves
MR       +....                  k - +1 pair of boots
Stlth    ..........             (no amulet)
HPRegen  0.14/turn              d - ring of protection from magic
MPRegen  0.09/turn              (no ring)

@: repel missiles
A: magic shield
a: Berserk, Trog's Hand, Renounce Religion


You were on level 3 of the Dungeon.
You worshipped Trog.
Trog was most pleased with you.
You were not hungry.

You visited 1 branch of the dungeon, and saw 3 of its levels.

You collected 154 gold pieces.

Inventory:

Hand Weapons
 a - a +1 spear (weapon)
 l - a +1 dagger of venom
 u - a +0 halberd
Missiles
 g - 3 boomerangs (quivered)
Armour
 b - a +0 animal skin
 e - a +0 ring mail
 i - a +0 chain mail (worn)
 j - a scarf of repulsion (worn)
 k - a +1 pair of boots (worn)
 q - a scarf of invisibility
 r - a +0 pair of gloves (worn)
Jewellery
 d - a ring of protection from magic (left hand)
Wands
 v - a wand of digging (2)
Scrolls
 h - a scroll of remove curse
 n - a scroll of fear
 o - 2 scrolls of identify
 s - 2 scrolls of magic mapping
 t - a scroll of enchant weapon
Potions
 m - a potion of heal wounds
 p - 2 potions of brilliance
 w - a potion of stabbing {unknown}
Comestibles
 c - 9 rations
 f - 2 chunks of flesh


   Skills:
 + Level 3.7 Fighting
 + Level 4.4 Polearms
 + Level 1.5 Throwing
 + Level 3.2 Armour
 + Level 2.2 Dodging


You had 4 spell levels left.
You didn't know any spells.
Your spell library was empty.

Dungeon Overview and Level Annotations

Branches:
Dungeon (3/15)

Altars:


Innate Abilities, Weirdness & Mutations

When hurt, damage is shared between your health and your magic reserves.


Message History

You butcher the hobgoblin corpse.
f - 4 chunks of flesh (gained 2)
Things that are here:
a +0 club; a hobgoblin skeleton
Things that are here:
a +0 club; a hobgoblin skeleton Some of the chunks of flesh in your inventory have rotted away.
Things that are here:
a +0 dagger; a cursed +0 whip; a +0 short sword Done exploring.
You see here 10 poisoned darts.
Done exploring.
Char dumped successfully.
You repel missiles.
Your movement speed is average.
Your attack speed is above average.
Saving game... please wait.
Welcome back, joejoepie the Demonspawn Berserker.
Trog says: Kill them all!
Press ? for a list of commands and other information.
Are you sure you want to abandon this character and quit the game? (Confirm with "yes".)

.#.#.......##.............# ##
รท#.#........'....(.(......#######
.#.#........'.............#......
P#.#'#......'....................
.#)#.#.)...##)............#......
.#.#.#....###.)..................
.##.########.#(#..#####..##.#####
###########.#..#...[.....##..##
######.(........@..#####...#..###
....................####...##...#
.......#.#######.............##.#
##.####.## #..###.##...#.##.# ..<#
### ####)######...#.()). ####
#.............####..
#.............# ##.
#....[........# #. #......<......#
##


There were no monsters in sight!

Vanquished Creatures
  A jelly (D:3)
  Jessica (D:2)
  Robin (D:3)
  3 gnolls (D:3)
  3 adders
  9 oozes
  A worm (D:3)
  3 dart slugs
  2 leopard geckos
  An orc (D:2)
  A giant cockroach (D:3)
  19 goblins
  13 hobgoblins
  4 jackals (D:2)
  9 kobolds
  A quokka (D:2)
  2 ball pythons (D:2)
  6 bats
  4 frilled lizards
  7 rats
91 creatures vanquished.

Vanquished Creatures (others)
  2 fungi (D:3)
  8 toadstools (D:3)
10 creatures vanquished.

Grand Total: 101 creatures vanquished

Notes
Turn   | Place    | Note
-------+----------+-------------------------------------------
     0 | D:1      | joejoepie the Demonspawn Berserker began the quest for the
                  | Orb.
     0 | D:1      | Reached XP level 1. HP: 18/18 MP: 1/1
     0 | D:1      | Upgraded the game from 0.25-a0-492-g44cc58d149 to
                  | 0.25-a0-561-g0977b4d109
   443 | D:1      | Gained mutation: When hurt, damage is shared between your
                  | health and your magic reserves. [demonic ancestry]
   443 | D:1      | Reached XP level 2. HP: 24/24 MP: 2/2
   519 | D:1      | Upgraded the game from 0.25-a0-561-g0977b4d109 to
                  | 0.25-a0-1133-g93ebf739aa
   582 | D:1      | Reached skill level 3 in Polearms
   775 | D:1      | Reached XP level 3. HP: 29/29 MP: 3/3
  1112 | D:2      | Reached ** piety under Trog
  1718 | D:2      | Reached XP level 4. HP: 36/36 MP: 4/4
  2053 | D:3      | Reached skill level 4 in Polearms
  2089 | D:3      | Noticed Jessica
  2110 | D:2      | Killed Jessica
  2110 | D:2      | Reached XP level 5. HP: 39/41 MP: 5/5
  2140 | D:3      | Reached skill level 1 in Throwing
  2504 | D:3      | Noticed Robin
  2514 | D:3      | Reached *** piety under Trog
  2642 | D:3      | Killed Robin
  3108 | D:3      | Quit the game

Illustrated notes

Levels and vault maps discovered:
D:1:      nagdon_arrival_zigzag_paths, layout_basic, minmay_tromino_i2
D:2:      layout_basic, serial_forest, infiniplex_forest_lined_room_2,
          infiniplex_forest_lined_corner, infiniplex_forest_clump_tiny,
          infiniplex_forest_lined_room_2, infiniplex_forest_clump_medium,
          infiniplex_forest_lined_ring, chequers_serial_rivers_micro_d
D:3:      cheibrodos_fertilizer, layout_rooms, first_ration, uniq_jessica,
          uniq_robin

Skill      XL: |  1  2  3  4  5 |
---------------+----------------+-----
Polearms       | 3 4 |  4.4
Dodging        | 2 |  2.2
Armour         | 2 3 |  3.2
Throwing       | 1 |  1.5
Fighting       | |  3.7

Action                   |  1- 3 |  4- 6 || total
-------------------------+-------+-------++-------
Melee: Spear             |   157 |   179 ||   336
Throw: Boomerang         |       |    37 ||    37
  Use: Scroll            |     6 |     5 ||    11
       Potion            |     1 |     4 ||     5
  Eat: Chunk             |     3 |     2 ||     5
       Ration            |       |     1 ||     1
Armor: Animal skin       |     6 |       ||     6
       Ring mail         |    15 |       ||    15
       Chain mail        |    55 |    84 ||   139
Dodge: Dodged            |    66 |    68 ||   134
       Repelled          |       |     2 ||     2

Table legend:
 A = Non-vault XP
 B = Vault XP
 C = Vault XP percentage of total XP
 D = Non-vault monster count
 E = Vault monster count
 F = Vault count percentage of total count
                 A         B        C        D         E       F
            +---------+---------+-------+---------+---------+-------
      Total |     201 |     174 |  46.4 |      63 |      28 |  30.8
            +---------+---------+-------+---------+---------+-------
        D:1 |      43 |       0 |   0.0 |      21 |       0 |   0.0
        D:2 |      63 |      37 |  37.0 |      27 |       1 |   3.6
        D:3 |      95 |     137 |  59.1 |      15 |      27 |  64.3
            +---------+---------+-------+---------+---------+-------
